[Event "Team 45 45 League T40"]
[Site "Internet Chess Club"]
[Date "2009.02.24"]
[Round "4"]
[White "Ghashgork"]
[Black "BigC"]
[Result "1/2-1/2"]
[WhiteElo "1733"]
[BlackElo "1845"]
[Opening "Bird's opening"]
[ECO "A03"]
[Time "10:00:05"]
[TimeControl "2700+45"]

1. f4 d5 2. Nf3 Nf6 3. e3 g6 4. b3 Bg7 5. Bb2 O-O 6. Be2 c5 7. O-O Nc6 8. Bb5
Bd7 9. Bxc6 Bxc6 10. d3 Rc8 11. Nbd2 Ng4 12. Bxg7 Nxe3 13. Qe2 Nxf1 14. Bxf8
Nxd2 15. Bh6 Nxf3+ 16. Qxf3 d4 17. Qe2 Qd5 18. Re1 Re8 19. Qg4 Bd7 20. Qh4 f6
21. g4 Qf3 22. g5 Bc6 23. Qg3 Qxg3+ 24. hxg3 Kf7 25. Kf2 Rd8 26. g4 Re8 27. Kg3
b5 28. f5 gxf5 29. gxf5 Rg8 30. Kf4 Bd7 31. Re2 e5+ 32. fxe6+ Bxe6 33. gxf6 Kxf6
34. Rh2 Rg4+ 35. Kf3 Rg8 36. Bd2 h5 37. Be1 Bg4+ 38. Kf4 Re8 39. Bh4+ Kg6 40.
Rg2 Re6 41. a3 Re8 42. Rh2 Rf8+ 43. Ke5 Rf5+ 44. Kd6 Bf3 45. Rh3 Kf7 46. Rh2
Rd5+ 47. Kc6 b4 48. a4 Ke6 49. Rf2 Rf5+ 50. Kb5 Kd5 51. Ka6 Rf7 52. Rh2 Bg4 53.
Rg2 Ke5 54. Kb5 Kd6 55. Bg3+ Kd5 56. Rg1 Rh7 57. Re1 Bd7+ 58. Ka6 h4 59. Bh2
Bc8+ 60. Kb5 a6+ 61. Kb6 Rb7+ 62. Ka5 Rf7 63. Kb6 Rb7+ 64. Ka5 Rh7 65. Kb6 Rh5
66. Re8 Bd7 67. Re7 Rh6+ 68. Kc7 Be6 69. Kb7 a5 70. Kc7 h3 71. Kb6 Rf6 72. Rc7
Bg4+ 73. Kb5 Rf2 74. Rxc5+ Ke6 75. Bb8 h2 76. Bxh2 Rxh2 77. Kxa5 Bd1 78. Kxb4
Bxc2 79. Kc4 Rh3 80. Kxd4 {Game drawn by mutual agreement} 1/2-1/2

[Event "Team 45 45 League T40"]
[Site "Internet Chess Club"]
[Date "2009.02.22"]
[Round "4"]
[White "EyeAm"]
[Black "manzeer"]
[Result "0-1"]
[WhiteElo "1467"]
[BlackElo "1599"]
[Opening "Two knights defense"]
[ECO "C55"]
[Time "18:11:10"]
[TimeControl "2700+45"]

1. e4 e5 2. Nf3 Nc6 3. Bc4 Nf6 4. c3 d5 5. exd5 Nxd5 6. O-O Nb6 7. Bb5 Bd6 8. d4
O-O 9. Bxc6 bxc6 10. dxe5 Be7 11. Qe2 a5 12. Rd1 Qe8 13. Be3 Ba6 14. Qe1 Nd5 15.
Bg5 Rb8 16. Bxe7 Qxe7 17. b3 Rfe8 18. c4 Nb4 19. Na3 Bc8 20. Qe3 Bg4 21. Re1
Red8 22. e6 Bxe6 23. Ng5 Rd3 24. Qe4 Qxg5 {White resigns} 0-1

[Event "Team 45 45 League T40"]
[Site "Internet Chess Club"]
[Date "2009.02.21"]
[Round "4"]
[White "whuffor"]
[Black "guyd52"]
[Result "1-0"]
[WhiteElo "1422"]
[BlackElo "1329"]
[Opening "Pirc: Austrian attack"]
[ECO "B09"]
[Time "06:00:33"]
[TimeControl "2700+45"]

1. e4 d6 2. d4 Nf6 3. Nc3 g6 4. f4 Bg7 5. h3 O-O 6. Be3 b6 7. Bd3 Ba6 8. g4 Bxd3
9. Qxd3 Nfd7 10. Nf3 c5 11. O-O-O cxd4 12. Bxd4 Nc6 13. Bxg7 Kxg7 14. h4 f6 15.
h5 Qc7 16. hxg6 Nc5 17. Qe3 hxg6 18. f5 Rh8 19. Nd5 Qb7 20. g5 Rad8 21. gxf6+
exf6 22. Nxf6 Rxh1 23. Rxh1 Kxf6 24. Qg5+ Kg7 25. Qxg6+ Kf8 26. Rh8+ Ke7 27.
Qg7# {Black checkmated} 1-0

[Event "Team 45 45 League T40"]
[Site "Internet Chess Club"]
[Date "2009.02.21"]
[Round "4"]
[White "wekabird"]
[Black "slipkid"]
[Result "0-1"]
[WhiteElo "1216"]
[BlackElo "1509"]
[Opening "English: Sicilian reversed"]
[ECO "A25"]
[Time "15:56:46"]
[TimeControl "2700+45"]

1. c4 e5 2. Nc3 Nc6 3. e4 Nf6 4. d3 Bb4 5. Nf3 d6 6. a3 Bc5 7. h3 O-O 8. Na4 Bd4
9. Nxd4 Nxd4 10. b4 Bd7 11. Nc3 Ne8 12. Be3 f5 13. Bxd4 exd4 14. Ne2 c5 15. exf5
Bxf5 16. Ng3 Bg6 17. Be2 Nf6 18. O-O Qe7 19. Bh5 Nxh5 20. Nxh5 Qf7 21. Ng3 Rae8
22. Qd2 b6 23. b5 d5 24. a4 dxc4 25. dxc4 Qxc4 26. Rfc1 Qd5 27. Qa2 Qxa2 28.
Rxa2 Re7 29. a5 Rfe8 30. axb6 axb6 31. Ra6 Re6 32. Nf1 Bd3 33. Nd2 Bxb5 34. Raa1
d3 35. Rab1 Ba6 36. Nf3 Rd6 37. Nd2 c4 38. Re1 Rxe1+ 39. Rxe1 c3 40. Ne4 d2 41.
Nxd2 cxd2 42. Rd1 Be2 43. Rb1 d1=Q+ 44. Rxd1 Rxd1+ 45. Kh2 b5 46. g4 b4 47. f4
b3 48. Kg2 b2 49. Kf2 Bxg4 50. hxg4 b1=Q {White resigns} 0-1

[Event "Team 45 45 League T40"]
[Site "Internet Chess Club"]
[Date "2009.02.21"]
[Round "4"]
[White "The-Capitalist"]
[Black "WilmaP"]
[Result "0-1"]
[WhiteElo "1141"]
[BlackElo "1203"]
[Opening "French: Winawer, fingerslip variation"]
[ECO "C15"]
[Time "16:00:09"]
[TimeControl "2700+45"]

1. e4 e6 2. d4 d5 3. Nc3 Bb4 4. Bd2 c5 5. Nf3 Nc6 6. Bb5 Bd7 7. exd5 exd5 8.
Qe2+ Nge7 9. a3 Ba5 10. dxc5 O-O 11. Qd3 Bf5 12. Qe3 Bxc2 13. Rc1 Bf5 14. Nd4
Re8 15. O-O Bd7 16. Qd3 Ne5 17. Qc2 a6 18. Bxd7 Nxd7 19. b4 Bc7 20. Rfe1 Nf6 21.
f3 h6 22. Re2 b6 23. c6 Qd6 24. Nf5 Qxh2+ 25. Kf2 Nxf5 26. Qxf5 Bg3+ {White
resigns} 0-1

[Event "Team 45 45 League T40"]
[Site "Internet Chess Club"]
[Date "2009.02.19"]
[Round "4"]
[White "Manch"]
[Black "SCUGrad"]
[Result "1-0"]
[WhiteElo "1525"]
[BlackElo "1423"]
[Opening "Vienna game"]
[ECO "C27"]
[Time "07:06:11"]
[TimeControl "2700+45"]

1. e4 e5 2. Nc3 Nf6 3. Bc4 Nxe4 4. Qh5 Nd6 5. Bb3 Qf6 6. Nd5 Qd8 7. Qxe5+ Be7 8.
Qxg7 Rf8 9. Qxh7 Nc6 10. Nf3 Na5 11. O-O Nxb3 12. axb3 c6 13. Nxe7 Kxe7 14. Re1+
Kf6 15. Qh6+ Kf5 16. Re5+ Kg4 17. h3# {Black checkmated} 1-0

[Event "Team 45 45 League T40"]
[Site "Internet Chess Club"]
[Date "2009.02.22"]
[Round "4"]
[White "t-hobbes"]
[Black "Shazaam"]
[Result "0-1"]
[WhiteElo "1324"]
[BlackElo "1482"]
[Opening "QGA: 3.e4"]
[ECO "D20"]
[Time "15:00:15"]
[TimeControl "2700+45"]

1. d4 d5 2. c4 dxc4 3. e4 Nf6 4. Nc3 Nc6 5. Nf3 e6 6. Bxc4 Be7 7. O-O O-O 8. Bf4
a6 9. e5 Nh5 10. Be3 b5 11. Be2 g6 12. Bh6 Ng7 13. Qd2 Re8 14. Ne4 Nf5 15. Bg5
Nfxd4 16. Bxe7 Nxe2+ 17. Qxe2 Rxe7 18. Nf6+ Kg7 19. Qe4 Bb7 20. Qh4 h6 21. Rfe1
g5 22. Qe4 Qh8 23. Nh5+ Kf8 24. Rad1 Rd8 25. Rxd8+ Nxd8 26. Qd3 Nc6 27. Qc3 b4
28. Qc5 Ke8 29. Nf6+ Kd8 30. Rd1+ Kc8 31. Nd4 Qd8 32. h3 a5 33. Kh2 Nxd4 34.
Rxd4 Bd5 35. Qxa5 c6 36. Qc5 Rc7 37. Qa5 Rb7 38. Qc5 Qc7 39. Ne8 Qxe5+ 40. g3
Kd7 41. Nd6 Qxd6 42. Qa5 Rb5 43. Qa7+ Qc7 44. Qa8 h5 45. Qg8 Kd6 46. Qxg5 Kc5
47. Rd2 Kb6 48. Qxh5 Bxa2 49. Qf3 Rf5 50. Qe3+ c5 51. b3 Re5 52. Qf4 Bb1 53. Qc4
Qc6 54. Rd1 Qf3 55. Rd6+ Kc7 56. Rd2 Be4 57. Qf1 Qh5 58. g4 Qg5 59. Qd1 Qf4+ 60.
Kg1 Rd5 61. Rxd5 Bxd5 62. h4 Qf3 63. Qxf3 Bxf3 64. h5 Bxg4 65. h6 Bf5 66. Kf1
Kd6 67. Ke2 Ke5 68. Kf3 Kd4 69. Kf4 Kc3 70. Ke5 Kxb3 71. Kf6 c4 72. Kxf7 c3 73.
Kg7 c2 74. h7 Bxh7 75. Kxh7 c1=Q {White resigns} 0-1

[Event "Team 45 45 League T40"]
[Site "Internet Chess Club"]
[Date "2009.02.22"]
[Round "4"]
[White "cobra2008"]
[Black "Kingangyal"]
[Result "0-1"]
[WhiteElo "1393"]
[BlackElo "1348"]
[Opening "King's pawn opening"]
[ECO "B07"]
[Time "11:30:05"]
[TimeControl "2700+45"]

1. e4 d6 2. Bc4 Nf6 3. Nc3 g6 4. Nf3 Bg7 5. Ng5 O-O 6. O-O h6 7. Nf3 Nxe4 8.
Nxe4 d5 9. Bxd5 Qxd5 10. d3 Nd7 11. c3 Nf6 12. Nxf6+ exf6 13. d4 Bg4 14. Bf4
Bxf3 15. gxf3 c6 16. Kg2 Rfd8 17. Qd2 g5 18. Bg3 f5 19. h3 f4 20. Bh2 Qf5 21.
Rad1 Rd6 22. Qd3 Qxd3 23. Rxd3 Re8 24. Rdd1 Re2 25. Rb1 Rde6 26. a4 Rc2 27. Rfc1
Rxc1 28. Rxc1 Re2 29. Rb1 Rc2 30. Kf1 a6 31. Ke1 b5 32. Kd1 Rxf2 33. Bg1 Rxf3
34. axb5 axb5 35. Ke2 Rxh3 36. Kf2 Re3 37. Ra1 Re7 38. Ra8+ Kh7 39. Rc8 Re6 40.
Rc7 f5 41. Bh2 h5 42. Rb7 Kg6 43. Rb6 Kf6 44. Rb7 Bh6 45. Rh7 Kg6 46. Rc7 g4 47.
Rc8 g3+ 48. Bxg3 fxg3+ 49. Kxg3 f4+ 50. Kf3 Rf6 51. Rg8+ Bg7 52. Ra8 h4 53. Kg4
f3 54. Ra1 f2 55. Rf1 Bh6 56. Kxh4 Bc1 57. b3 Bb2 58. c4 Bxd4 59. cxb5 cxb5 60.
Kg3 Kf7 61. Kg4 Ke6 62. Kg3 Kd5 63. Kg2 Kc5 64. Rb1 f1=Q+ 65. Rxf1 Rxf1 66. Kxf1
Kb4 67. Ke2 Kxb3 68. Kd3 Bc3 69. Ke2 Kc2 70. Ke3 b4 71. Ke4 b3 72. Kd5 b2 73.
Kc4 b1=Q 74. Kd5 Qb4 75. Ke6 Qc5 76. Kd7 Qe5 77. Kc6 Kb3 78. Kd7 Kb4 79. Kc6 Ka5
80. Kd7 Kb5 81. Kc8 Kc6 82. Kd8 Ba5+ 83. Kc8 Qc7# {White checkmated} 0-1

[Event "Team 45 45 League T40"]
[Site "Internet Chess Club"]
[Date "2009.02.22"]
[Round "4"]
[White "conron"]
[Black "Check101"]
[Result "1-0"]
[WhiteElo "1355"]
[BlackElo "1250"]
[Opening "Petrov: French attack"]
[ECO "C42"]
[Time "19:44:37"]
[TimeControl "2700+45"]

1. e4 e5 2. Nf3 Nf6 3. Nxe5 d6 4. Nf3 Nxe4 5. d3 Nf6 6. Bg5 Be7 7. Nc3 h6 8. Bf4
Nc6 9. g3 O-O 10. Bg2 Re8 11. O-O Bg4 12. Qd2 d5 13. Rfe1 Bb4 14. Rxe8+ Qxe8 15.
Re1 Qd7 16. a3 Bxc3 17. Qxc3 d4 18. Qd2 Qd5 19. Ne5 Qb5 20. Nxg4 Nxg4 21. Qc1
Nge5 22. Bxc6 Qxc6 23. Bxe5 Qc5 24. Qf4 Re8 25. Re4 Qxc2 26. Bxd4 Rxe4 27. Qxe4
c5 28. Qe8+ Kh7 29. Be5 {Black resigns} 1-0

[Event "Team 45 45 League T40"]
[Site "Internet Chess Club"]
[Date "2009.02.22"]
[Round "4"]
[White "Gwyddbwyll"]
[Black "chesskix"]
[Result "1-0"]
[WhiteElo "1572"]
[BlackElo "1519"]
[Opening "Caro-Kann: two knights variation"]
[ECO "B11"]
[Time "13:00:44"]
[TimeControl "2700+45"]

1. e4 c6 2. Nc3 d5 3. Nf3 dxe4 4. Nxe4 Nd7 5. d4 Ngf6 6. Nxf6+ Nxf6 7. Bd3 g6 8.
O-O Bg7 9. Re1 O-O 10. c3 Re8 11. Bf4 Nd5 12. Bg3 Bg4 13. h3 Bh5 14. Bh2 f5 15.
Bc4 e6 16. Qd3 Bxf3 17. Qxf3 Qg5 18. Re2 Kh8 19. Rae1 f4 20. Bxd5 Qxd5 21. Qxd5
cxd5 22. Bxf4 Rf8 23. Be5 Bxe5 24. Rxe5 Rf5 25. Rxe6 Raf8 26. Re8 Kg7 27. Rxf8
Rxf8 28. Re7+ Rf7 29. Rxf7+ Kxf7 30. Kf1 Ke6 31. f4 Kf5 32. g3 Ke4 33. Ke2 a5
34. a3 b5 35. b3 h6 36. a4 bxa4 37. bxa4 h5 38. h4 Kf5 39. Kf3 Ke6 40. g4 hxg4+
41. Kxg4 Kf6 42. h5 gxh5+ 43. Kxh5 Kf5 44. Kh6 Kxf4 45. Kg6 Ke4 46. Kf6 Kd3 47.
Ke6 Kc4 48. Kd6 Kxc3 49. Kxd5 Kb4 50. Kc6 Kxa4 51. d5 Kb4 52. d6 a4 53. d7 a3
54. d8=Q a2 55. Qb6+ Kc3 56. Kd5 Kc2 57. Qg6+ Kc1 58. Qg1+ Kb2 59. Qf2+ Kb1 60.
Qb6+ Kc2 61. Kc4 a1=Q 62. Qf2+ Kb1 63. Kb3 {Black resigns} 1-0

[Event "Team 45 45 League T40"]
[Site "Internet Chess Club"]
[Date "2009.02.21"]
[Round "4"]
[White "Skylab"]
[Black "andrew0311"]
[Result "0-1"]
[WhiteElo "1358"]
[BlackElo "1503"]
[Opening "English: symmetrical variation"]
[ECO "A34"]
[Time "17:28:12"]
[TimeControl "2700+45"]

1. c4 c5 2. Nc3 g6 3. Nf3 Bg7 4. e4 Nc6 5. d3 Nf6 6. g3 O-O 7. Bg2 Qc7 8. O-O d6
9. Nd5 Nxd5 10. exd5 Ne5 11. Nxe5 Bxe5 12. Rb1 Bg7 13. b3 Bf5 14. Bb2 Qa5 15.
Bxg7 Kxg7 16. Ra1 Qc3 17. Be4 Bxe4 18. dxe4 Qe5 19. Re1 e6 20. Qd2 Qf6 21. Rab1
a5 22. Qb2 Qxb2 23. Rxb2 Rae8 24. Rbe2 f6 25. f4 Re7 26. e5 fxe5 27. fxe5 exd5
28. cxd5 dxe5 29. Rxe5 Rxe5 30. Rxe5 Rf7 31. d6 b6 32. Rd5 Rd7 33. a4 Kf6 34.
Kf2 Ke6 35. Rd1 Rxd6 36. Re1+ Kf7 37. Re4 Rd3 38. Re3 Rxe3 39. Kxe3 Ke6 40. Kd3
Kd5 41. Kc3 h5 42. h4 Ke4 43. Kc4 Kf3 44. Kb5 Kxg3 45. Kxb6 Kxh4 46. Kxa5 Kg4
47. Kb6 h4 48. a5 h3 49. a6 h2 50. a7 h1=Q 51. Kc7 Qa8 52. Kb6 Kh4 {White
resigns} 0-1

[Event "Team 45 45 League T40"]
[Site "Internet Chess Club"]
[Date "2009.02.22"]
[Round "4"]
[White "mmb"]
[Black "Skyler"]
[Result "1-0"]
[WhiteElo "1336"]
[BlackElo "1420"]
[Opening "Caro-Kann: classical variation"]
[ECO "B18"]
[Time "14:30:04"]
[TimeControl "2700+45"]

1. e4 c6 2. d4 d5 3. Nc3 dxe4 4. Nxe4 Bf5 5. Bd3 Qxd4 6. Qe2 e6 7. Nf3 Qb6 8.
O-O Bg6 9. c3 Nd7 10. Be3 Bc5 11. Nxc5 Bxd3 12. Nxd3 Qd8 13. Nde5 Ngf6 14. Rad1
Qe7 15. Bg5 Rd8 16. Qd3 h6 17. Bxf6 gxf6 18. Nxd7 Rxd7 19. Qxd7+ Qxd7 20. Rxd7
Kxd7 21. h3 Rg8 22. Re1 Rg7 23. Re4 h5 24. Rh4 Rh7 25. g4 Rg7 26. Rxh5 f5 27.
Rg5 Rh7 28. Kg2 fxg4 29. Rxg4 b6 30. h4 Kc7 31. Kg3 Kd6 32. b4 a6 33. a3 Kd7 34.
Ng5 Rg7 35. h5 f6 36. h6 Rg8 37. Nf3 Rh8 38. Rg7+ Kd6 39. h7 b5 40. Nh4 f5 41.
Ng6 Ra8 42. h8=Q Rxh8 43. Nxh8 e5 44. f4 e4 45. Kf2 e3+ 46. Kxe3 c5 47. Rg6+ Kc7
48. Rxa6 cxb4 49. cxb4 Kb8 50. Ra5 Kc7 51. Rxb5 Kd6 52. Rxf5 Kc7 53. a4 Kb7 54.
Rf6 Ka7 55. Kd4 Kb7 56. a5 Ka7 57. b5 Kb8 58. Rf7 Ka8 59. Re7 Kb8 60. f5 Kc8 61.
f6 Kd8 62. Ra7 Ke8 63. b6 Kd8 64. f7 Kc8 65. f8=Q# {Black checkmated} 1-0

[Event "Team 45 45 League T40"]
[Site "Internet Chess Club"]
[Date "2009.02.19"]
[Round "4"]
[White "arconia"]
[Black "rayspokemon"]
[Result "0-1"]
[WhiteElo "1366"]
[BlackElo "1282"]
[Opening "Inverted Hungarian"]
[ECO "C44"]
[Time "19:26:25"]
[TimeControl "2700+45"]

1. e4 e5 2. Nf3 Nc6 3. Be2 Nf6 4. d3 Bc5 5. O-O d6 6. h3 O-O 7. Nbd2 Qe7 8. Nh2
Nd4 9. Ndf3 Nxe2+ 10. Qxe2 Be6 11. c3 d5 12. Nxe5 dxe4 13. d4 Bd6 14. f4 Bd5 15.
Nhg4 Nxg4 16. Qxg4 f6 17. Ng6 hxg6 18. Qxg6 Bc4 19. Re1 Bd5 20. f5 Qf7 21. Qg4
Rfe8 22. h4 Re7 23. h5 Rae8 24. Be3 Kh7 25. Kf2 Bc6 26. Rh1 Rg8 27. h6 g5 28.
Rh5 Be8 29. Bxg5 fxg5 30. Rxg5 Rxg5 31. Qxg5 Qh5 32. Qg6+ {White resigns} 0-1

[Event "Team 45 45 League T40"]
[Site "Internet Chess Club"]
[Date "2009.02.22"]
[Round "4"]
[White "alaskauk"]
[Black "Jasher"]
[Result "1-0"]
[WhiteElo "1516"]
[BlackElo "1460"]
[Opening "Caro-Kann: classical variation"]
[ECO "B18"]
[Time "16:00:21"]
[TimeControl "2700+45"]

1. e4 c6 2. d4 d5 3. Nc3 dxe4 4. Nxe4 Bf5 5. Ng3 Bg6 6. Nf3 Nf6 7. Bd3 Bxd3 8.
Qxd3 Qa5+ 9. Bd2 Qb6 10. O-O Nbd7 11. a4 a5 12. Bc3 e6 13. Rfe1 c5 14. d5 O-O-O
15. Qd2 Qa6 16. Bxa5 b6 17. Bc3 Nxd5 18. Ng5 Rg8 19. Nxf7 Re8 20. Nf5 g6 21.
N5d6+ Bxd6 22. Nxd6+ Kd8 23. Nxe8 Rxe8 24. b3 Kc8 25. Rad1 Nxc3 26. Qxd7+ {Black
resigns} 1-0

[Event "Team 45 45 League T40"]
[Site "Internet Chess Club"]
[Date "2009.02.21"]
[Round "4"]
[White "john-beebs"]
[Black "medsurg"]
[Result "0-1"]
[WhiteElo "1426"]
[BlackElo "1441"]
[Opening "Ruy Lopez: four knights (Tarrasch) variation"]
[ECO "C48"]
[Time "16:00:08"]
[TimeControl "2700+45"]

1. e4 e5 2. Nf3 Nc6 3. Nc3 Nf6 4. Bb5 a6 5. Ba4 b5 6. Bb3 d6 7. d3 h6 8. h3 Be7
9. O-O O-O 10. Nd5 Be6 11. Nxf6+ Bxf6 12. Bxe6 fxe6 13. c3 Nb8 14. d4 Nd7 15. d5
Qe7 16. Be3 Rac8 17. b3 c5 18. c4 Nb6 19. Rc1 exd5 20. cxd5 Nd7 21. a4 Rc7 22.
axb5 axb5 23. Qe2 Rb8 24. Nd2 Bg5 25. Ra1 Bxe3 26. Qxe3 c4 27. Rfc1 Rbc8 28. Ra7
Nf6 29. Qb6 Rxa7 30. bxc4 bxc4 31. Nb3 Rb7 32. Qe3 Rxb3 33. Qe2 Qc7 34. Qc2 Rd3
35. f3 Qc5+ 36. Kh2 Qe3 37. Qb1 c3 38. Qb7 Qc5 39. Qb1 c2 40. Qb2 Rd1 41. Rxc2
Qxc2 {White resigns} 0-1

[Event "Team 45 45 League T40"]
[Site "Internet Chess Club"]
[Date "2009.02.19"]
[Round "4"]
[White "malihini"]
[Black "fuzzface"]
[Result "0-1"]
[WhiteElo "1255"]
[BlackElo "1331"]
[Opening "Hungarian defense"]
[ECO "C50"]
[Time "14:07:05"]
[TimeControl "2700+45"]

1. e4 e5 2. Nf3 Nc6 3. Bc4 Be7 4. Nc3 Nf6 5. O-O d6 6. d4 Bg4 7. d5 Bxf3 8. Qxf3
Nd4 9. Qd3 O-O 10. Be3 c5 11. dxc6 Nxc6 12. Nd5 Nxd5 13. exd5 Nb8 14. f4 Nd7 15.
b4 Bf6 16. f5 e4 17. Qxe4 Bxa1 18. Rxa1 Nf6 19. Qh4 Nd7 20. Qg3 Qf6 21. Rf1 h6
22. Qg4 Ne5 23. Qe4 Nxc4 24. Qxc4 Rac8 25. Qe2 Rfe8 26. Qd2 b6 27. g3 Rc4 {White
forfeits on time} 0-1

[Event "Team 45 45 League T40"]
[Site "Internet Chess Club"]
[Date "2009.02.22"]
[Round "4"]
[White "MateIn42"]
[Black "CoasterBrake"]
[Result "1-0"]
[WhiteElo "1444"]
[BlackElo "1251"]
[Opening "Caro-Kann: classical variation"]
[ECO "B18"]
[Time "08:02:55"]
[TimeControl "2700+45"]

1. e4 c6 2. d4 d5 3. Nc3 dxe4 4. Nxe4 Bf5 5. Ng3 Bg6 6. Nf3 h6 7. Bd3 Bxd3 8.
Qxd3 e6 9. O-O Nd7 10. Be3 Ngf6 11. Rad1 Be7 12. Ne5 Nxe5 13. dxe5 Nd5 14. Qb3
Qc7 15. Bd4 b6 16. c4 c5 17. cxd5 cxd4 18. d6 Bxd6 19. exd6 Qxd6 20. Qa4+ Qd7
21. Qxd7+ Kxd7 22. Rxd4+ Ke7 23. Rfd1 Rac8 24. Rd7+ Ke8 25. Ne4 Rc4 26. Nd6+
{Black resigns} 1-0

[Event "Team 45 45 League T40"]
[Site "Internet Chess Club"]
[Date "2009.02.22"]
[Round "4"]
[White "Newcastler"]
[Black "kjs110"]
[Result "1/2-1/2"]
[WhiteElo "1268"]
[BlackElo "1154"]
[Opening "King's Indian defense, 3.Nc3"]
[ECO "E61"]
[Time "15:00:13"]
[TimeControl "2700+45"]

1. d4 Nf6 2. c4 g6 3. Nc3 Bg7 4. Nf3 O-O 5. e3 d6 6. Bd3 Nc6 7. a3 e5 8. d5 Ne7
9. O-O c6 10. e4 b5 11. Be3 bxc4 12. Bxc4 cxd5 13. exd5 Qc7 14. b3 Ng4 15. Ne4
f5 16. Neg5 e4 17. Nd4 Bb7 18. Nde6 Qc8 19. Nxg7 Nxe3 20. fxe3 h6 21. N5e6 Rf7
22. Qd4 Ba6 23. Bxa6 Qxa6 24. Nc7 Qb7 25. Nge6 Rc8 26. Qc3 Nxd5 27. Qd4 Nxc7 28.
Qxd6 Qxb3 29. Nxc7 Qxe3+ 30. Rf2 Rfxc7 31. Qxg6+ Rg7 32. Qe6+ Kh7 33. Qxc8 f4
34. Qf5+ Kh8 35. Rb1 f3 36. Rb8+ Rg8 37. Qf6+ Kh7 38. Qf7+ Rg7 39. Qf5+ Rg6 40.
Rb7+ Kh8 41. Qxg6 Qe1+ {Game drawn by mutual agreement} 1/2-1/2

[Event "Team 45 45 League T40"]
[Site "Internet Chess Club"]
[Date "2009.02.23"]
[Round "4"]
[White "The-Capitalist"]
[Black "ffplayer"]
[Result "1-0"]
[WhiteElo "1154"]
[BlackElo "1055"]
[Opening "Ruy Lopez: open, 7.Bb3"]
[ECO "C80"]
[Time "21:00:38"]
[TimeControl "2700+45"]

1. e4 e5 2. Nf3 Nc6 3. Bb5 a6 4. Ba4 Nf6 5. O-O b5 6. Bb3 Nxe4 7. d4 Bd6 8. dxe5
Bxe5 9. Nxe5 Nxe5 10. Qd5 d6 11. Qxe4 O-O 12. Qxa8 Qd7 13. Qe4 c5 14. c3 Bb7 15.
Qh4 Bxg2 16. Kxg2 Qc6+ 17. f3 Re8 18. Bc2 g6 19. Bg5 Nxf3 20. Rxf3 Re2+ 21. Qf2
Rxf2+ 22. Kxf2 Kg7 23. Nd2 h6 24. Bf6+ Kh7 25. Re1 c4 26. Re7 Qc5+ 27. Bd4 Qg5
28. Rexf7+ Kg8 29. Rf8+ {Black resigns} 1-0

[Event "Team 45 45 League T40"]
[Site "Internet Chess Club"]
[Date "2009.02.19"]
[Round "4"]
[White "furrbrain"]
[Black "klt713"]
[Result "1-0"]
[WhiteElo "1200"]
[BlackElo "1123"]
[Opening "Sicilian: Smith-Morra gambit"]
[ECO "B21"]
[Time "14:00:10"]
[TimeControl "2700+45"]

1. e4 c5 2. d4 e6 3. Bc4 cxd4 4. Qxd4 Nc6 5. Qe3 g6 6. Nf3 Nf6 7. O-O b6 8. e5
Ng4 9. Qe2 Qc7 10. Bf4 Bb7 11. Ng5 h5 12. h3 Ngxe5 13. Nc3 a6 14. a4 Bd6 15.
Nce4 Nf3+ 16. Qxf3 O-O-O 17. Nxf7 Ne5 18. Nfxd6+ Kb8 19. Bxe5 Rhf8 20. Nf7 d5
21. Bxc7+ Kxc7 22. Qf4+ Kc8 23. Ned6+ Kb8 24. Nxb7+ Kxb7 25. Nd6+ Ka7 26. Nb5+
axb5 27. Qc7+ Ka8 28. Bxb5 Rb8 29. Bc6+ Rb7 30. Qxb7# {Black checkmated} 1-0

[Event "Team 45 45 League T40"]
[Site "Internet Chess Club"]
[Date "2009.02.22"]
[Round "4"]
[White "mumu"]
[Black "Traho"]
[Result "1-0"]
[WhiteElo "1285"]
[BlackElo "1179"]
[Opening "Caro-Kann: advance variation"]
[ECO "B12"]
[Time "18:00:07"]
[TimeControl "2700+45"]

1. e4 c6 2. d4 d5 3. e5 Bf5 4. Nc3 h6 5. Be3 e6 6. Nf3 Bb4 7. Be2 Ne7 8. O-O Nd7
9. Rb1 b5 10. a3 Ba5 11. b4 Bb6 12. Bd3 a6 13. Re1 a5 14. Qd2 a4 15. Rf1 Bxd3
16. Qxd3 Nf5 17. Ne2 Nh4 18. Nd2 Nf5 19. Ng3 Nxd4 20. Bxd4 Ba7 21. Bxa7 Nxe5 22.
Qe3 Ng4 23. Qe2 Qh4 24. Nf3 Qd8 25. Bc5 {Black resigns} 1-0

[Event "Team 45 45 League T40"]
[Site "Internet Chess Club"]
[Date "2009.02.22"]
[Round "4"]
[White "jocooper"]
[Black "taichichen"]
[Result "0-1"]
[WhiteElo "1167"]
[BlackElo "1167"]
[Opening "QGD Slav: 3.Nf3"]
[ECO "D11"]
[Time "10:04:35"]
[TimeControl "2700+45"]

1. d4 d5 2. c4 c6 3. Nf3 Bf5 4. Nc3 Nf6 5. e3 e6 6. Be2 Qa5 7. O-O Nbd7 8. a3
O-O-O 9. b4 Bxb4 10. Bb2 Bxc3 11. Bxc3 Qxc3 12. Qb1 c5 13. Rc1 Qa5 14. Qc2 Bxc2
{White resigns} 0-1

[Event "Team 45 45 League T40"]
[Site "Internet Chess Club"]
[Date "2009.02.21"]
[Round "4"]
[White "baseball613"]
[Black "WannaB"]
[Result "1/2-1/2"]
[WhiteElo "1139"]
[BlackElo "1093"]
[Opening "King's Indian: London system"]
[ECO "A48"]
[Time "20:02:13"]
[TimeControl "2700+45"]

1. d4 Nf6 2. Nf3 g6 3. Bf4 Bg7 4. e3 a6 5. Bd3 d6 6. Nbd2 Be6 7. c3 b5 8. Ne4
Nbd7 9. Nfg5 O-O 10. Nxe6 fxe6 11. Ng5 Nd5 12. Nxe6 Qe8 13. Nxf8 Nxf8 14. Qg4 c5
15. h4 cxd4 16. cxd4 e6 17. Bxd6 Nf6 18. Qg3 N8d7 19. Ke2 Nh5 20. Qg4 Ndf6 21.
Qh3 Nd5 22. Be4 Rc8 23. Rac1 Nhf6 24. Bxd5 Nxd5 25. Rxc8 Qxc8 26. Bc5 Qe8 27. h5
h6 28. hxg6 Qxg6 29. Qg3 Qc2+ 30. Kf3 Qf5+ 31. Ke2 Qc2+ 32. Kf3 Qf5+ 33. Ke2
{Game drawn by mutual agreement} 1/2-1/2

[Event "Team 45 45 League T40"]
[Site "Internet Chess Club"]
[Date "2009.02.20"]
[Round "4"]
[White "RancidTurnip"]
[Black "ordinaryboy"]
[Result "0-1"]
[WhiteElo "1031"]
[BlackElo "1000"]
[Opening "Sicilian: Hungarian variation"]
[ECO "B34"]
[Time "21:00:14"]
[TimeControl "2700+45"]

1. e4 c5 2. Nf3 g6 3. d4 cxd4 4. Nxd4 Nc6 5. c3 Bg7 6. Be2 Nf6 7. f3 O-O 8. O-O
e6 9. Bg5 d5 10. exd5 exd5 11. b4 Qb6 12. Be3 Re8 13. Qd2 Ne4 14. fxe4 Rxe4 15.
Bf3 Bxd4 16. cxd4 Rh4 17. Bxd5 Nxd4 18. Rxf7 Be6 19. Bxe6 Qxe6 20. Rxb7 Qd6 21.
g3 Nf3+ 22. Kf2 Nxd2 23. gxh4 Qf6+ 24. Ke2 Qxa1 25. Nxd2 Qxa2 26. Bd4 Qa6+ 27.
Ke3 Qxb7 28. Ne4 Re8 {White resigns} 0-1

[Event "Team 45 45 League T40"]
[Site "Internet Chess Club"]
[Date "2009.02.21"]
[Round "4"]
[White "PJ"]
[Black "Monsieur"]
[Result "1-0"]
[WhiteElo "1816"]
[BlackElo "1672"]
[Opening "Latvian counter-gambit"]
[ECO "C40"]
[Time "14:01:45"]
[TimeControl "2700+45"]

1. e4 e5 2. Nf3 f5 3. Nxe5 Qe7 4. d4 Nf6 5. Bg5 d6 6. Bxf6 Qxf6 7. Nc4 Be7 8.
Nc3 c6 9. e5 Qe6 10. d5 cxd5 11. Nxd5 Na6 12. Nxe7 Kxe7 13. Qxd6+ Qxd6 14. exd6+
Kf6 15. O-O-O Bd7 16. Ne3 Nb4 17. a3 f4 18. axb4 fxe3 19. fxe3 Rhe8 20. Bd3 g6
21. Rhf1+ Kg7 22. Bc4 Rf8 23. Rxf8 Rxf8 24. Rf1 b5 25. Rxf8 Kxf8 26. Bd5 Kg7 27.
b3 Kf6 28. c4 Ke5 29. Bg8 h6 30. c5 Bc6 31. Kd2 a6 32. g4 Bd7 33. h3 Bc6 34. Kc3
Be8 35. e4 Kxe4 36. Be6 {Black resigns} 1-0

[Event "Team 45 45 League T40"]
[Site "Internet Chess Club"]
[Date "2009.02.23"]
[Round "4"]
[White "crankn8tr"]
[Black "musk6868"]
[Result "0-1"]
[WhiteElo "1533"]
[BlackElo "1702"]
[Opening "Scotch game"]
[ECO "C45"]
[Time "21:03:31"]
[TimeControl "2700+45"]

1. e4 e5 2. Nf3 Nc6 3. d4 exd4 4. Nxd4 Bc5 5. Be3 Qf6 6. c3 Nge7 7. Be2 d6 8.
O-O Bd7 9. Nb5 O-O-O 10. Bxc5 dxc5 11. Bg4 Ng6 12. Bxd7+ Rxd7 13. Qe2 a6 14. a4
Rhd8 15. N5a3 Nge5 16. Nc4 Qe6 17. Nba3 Nxc4 18. Qxc4 Qe7 19. Qe2 Re8 20. Rfe1
f5 21. f3 fxe4 22. Qxe4 Qxe4 23. Rxe4 Rxe4 24. fxe4 Rd2 25. Re1 Rxb2 26. e5 b5
27. e6 Ne7 28. axb5 axb5 29. Re5 Kb7 30. Rxc5 c6 31. h3 Ra2 32. Nxb5 cxb5 33.
Rxb5+ Kc6 34. Re5 Rc2 35. Re3 Kd6 36. Kh2 Nf5 37. Re1 Rxc3 38. g4 Rc2+ 39. Kg1
Ne7 40. Kh1 Nd5 41. Kg1 Ke7 42. h4 Rc4 {White resigns} 0-1